 Dungeon Crawl Stone Soup version 0.22-a0-612-gd2f0174 (webtiles) character file.

3140 iamserjio the Covert (level 9, -4/127 HPs)
             Began as a Naga Berserker on July 11, 2018.
             Was a Believer of Trog.
             Slain by an orc warrior
             ... wielding a +0 halberd
              (12 damage)
             ... on level 9 of the Dungeon.
             The game lasted 00:25:18 (2574 turns).

iamserjio the Covert (Naga Berserker)               Turns: 2574, Time: 00:25:20

Health: -4/127     AC: 24    Str: 19    XL:     9   Next: 92%
Magic:  9/9        EV:  1    Int: 11    God:    Trog [**....]
Gold:   131        SH:  0    Dex: 11    Spells: 8/8 levels left

rFire    . . .     SeeInvis +   G - +0 war axe
rCold    . . .     Gourm    .   (no shield)
rNeg     + + +     Faith    .   (armour currently unavailable)
rPois    +         Spirit   .   (helmet currently unavailable)
rElec    .         Reflect  .   (cloak currently unavailable)
rCorr    .         Harm     .   (gloves currently unavailable)
MR       +++..     NoTele   +   (no barding)
Stlth    ++++......             v - amulet of regeneration
HPRegen  1.71/turn              h - ring of wizardry
MPRegen  0.11/turn              s - ring of positive energy

@: tree-form, berserk cooldown, regenerating, slowed, very slow
A: large, see invisible, slow metabolism 1, spit poison 1, AC +3
a: Spit Poison, Berserk, Trog's Hand, Renounce Religion


You were on level 9 of the Dungeon.
You worshipped Trog.
Trog was pleased with you.
You were near starving.
You were a tree.
You visited 1 branch of the dungeon, and saw 9 of its levels.

You collected 371 gold pieces.
You spent 240 gold pieces at shops.

Inventory:

Hand Weapons
 t - a +0 flail
 G - a +0 war axe (weapon)
Missiles
 E - a throwing net (quivered) {!f}
Armour
 A - a +1 helmet (melded)
 I - a +0 plate armour (melded)
Jewellery
 h - a ring of wizardry (left branch)
 j - an uncursed amulet of the acrobat
 p - an uncursed ring of resist corrosion
 s - a ring of positive energy (right branch)
 v - an amulet of regeneration (around neck)
Wands
 d - a wand of random effects (19)
 F - a wand of digging (3)
 K - a wand of polymorph (5)
Scrolls
 k - a scroll of magic mapping
 o - 3 scrolls of enchant armour
 D - 2 scrolls of remove curse {@r2}
 H - a scroll of immolation
Potions
 e - 2 potions of might
 f - 4 potions of curing {@q1}
 i - 4 potions of mutation
 q - 2 potions of agility
 u - 2 potions of resistance
 x - 2 potions of flight
Comestibles
 c - 12 rations
 z - 3 chunks of flesh


   Skills:
 + Level 6.7 Fighting
 * Level 9.1 Axes
 + Level 5.2 Armour
 - Level 1.5 Dodging
 + Level 9.3 Stealth


You had 8 spell levels left.
You didn't know any spells.
Your spell library was empty.

Dungeon Overview and Level Annotations

Branches:
Dungeon (9/15)             Temple (0/1) D:4
   Lair: D:8-11         Orc: D:9-12

Altars:
Elyvilon
Fedhas
Gozag
Nemelex Xobeh
The Shining One

Shops:
D:4 !*%   D:6 ?=([   D:8 !


Innate Abilities, Weirdness & Mutations

You cannot wear boots.
((Your serpentine skin is tough. (AC +3)))
You have supernaturally acute eyesight. (SInv)
((Armour fits poorly on your strangely shaped body.))
((Your system is resistant to poisons. (rPois)))
((You cover ground very slowly.))
You have a slow metabolism.
You can spit poison.


Message History

The orc warrior hits you with a halberd!
* * * LOW HITPOINT WARNING * * *
The bullfrog skeleton hits you.
* * * LOW HITPOINT WARNING * * *
Okay, then.
As you read the scroll labeled VAVYTI ELOADAR, it crumbles to dust.
You hear a loud clanging noise!
It was a scroll of noise.
You hear a shout!
You hear a loud, deep croak!
The bullfrog skeleton hits you but does no damage.
The orc warrior hits you with a halberd!
* * * LOW HITPOINT WARNING * * *
The bullfrog skeleton hits you but does no damage.
Okay, then.
You turn into a tree.
Your +1 helmet melds into your body.
Your +0 plate armour melds into your body.
Your roots penetrate the ground.
The iguana bites you but does no damage.
The orc warrior hits you with a halberd!
You die...

............#
............##
.............##
..............#
..............#
..............#
...)...l......###..
.......♣...<.......
......oZ......###..
...............#
...............#
.(........?.#....
...............#.#
..........#......#
.........##......#


You could see an orc warrior, an iguana and a bullfrog skeleton.

Vanquished Creatures
  Joseph (D:8)
  2 hornets (D:8)
  Prince Ribbit (D:7)
  A hippogriff (D:8)
  2 soldier ants (D:8)
  Duvessa (D:7)
  2 ice beasts
  2 sky beasts
  2 ogres
  4 centaurs
  3 bullfrogs
  Dowan (D:7)
  A wyvern skeleton (D:8)
  A bullfrog zombie (D:6)
  A crimson imp (D:6)
  An orc priest (D:9)
  3 hounds
  A jelly (D:6)
  3 orc wizards
  A centaur skeleton (D:8)
  An iguana (D:4)
  3 worker ants
  10 adders
  3 gnolls (D:2)
  A shadow imp (D:6)
  An adder skeleton (D:7)
  A worm (D:4)
  3 leopard geckos
  7 orcs
  5 bats
  3 giant cockroaches
  8 goblins
  A hobgoblin (D:3)
  2 jackals (D:3)
  A quokka (D:5)
  A frilled lizard (D:3)
  A jackal skeleton (D:6)
  A jackal zombie (D:6)
  7 kobolds
  5 rats
99 creatures vanquished.

Notes
Turn   | Place    | Note
-------+----------+-------------------------------------------
     0 | D:1      | iamserjio the Naga Berserker began the quest for the Orb.
     0 | D:1      | Reached XP level 1. HP: 21/21 MP: 1/1
   138 | D:2      | Reached skill level 1 in Stealth
   138 | D:2      | Reached XP level 2. HP: 3/28 MP: 2/2
   368 | D:2      | Reached XP level 3. HP: 30/34 MP: 3/3
   471 | D:2      | Found an opulent altar of Gozag.
   542 | D:3      | Reached XP level 4. HP: 42/42 MP: 4/4
   554 | D:3      | Noticed a centaur
   569 | D:3      | Killed a centaur
   569 | D:3      | Reached XP level 5. HP: 12/50 MP: 5/5
   708 | D:3      | Reached ** piety under Trog
   868 | D:4      | Found Gucw's Distillery.
   876 | D:4      | Reached XP level 6. HP: 57/57 MP: 6/6
   887 | D:4      | Bought a potion of might for 44 gold pieces
   887 | D:4      | Bought a potion of curing for 33 gold pieces
   887 | D:4      | Bought a potion of flight for 33 gold pieces
   887 | D:4      | Bought a potion of curing for 33 gold pieces
   896 | D:4      | Found a staircase to the Ecumenical Temple.
   958 | D:5      | Entered Level 5 of the Dungeon
  1017 | D:5      | Reached skill level 5 in Axes
  1035 | D:5      | Noticed a sky beast
  1045 | D:5      | Killed a sky beast
  1119 | D:4      | Found Hamnesmi's Food Boutique.
  1133 | D:4      | Found Koobuol's General Store.
  1171 | D:4      | Reached XP level 7. HP: 63/64 MP: 7/7
  1259 | D:4      | Bought a potion of heal wounds for 50 gold pieces
  1311 | D:5      | Reached skill level 5 in Stealth
  1382 | D:6      | Found Zuoterua's Armour Shop.
  1389 | D:6      | Found Pisheuza's Antique Armour Shoppe.
  1463 | D:6      | Found Hugox's Weapon Shoppe.
  1489 | D:6      | Bought a +0 war axe for 35 gold pieces
  1638 | D:6      | Found a glowing golden altar of the Shining One.
  1667 | D:6      | Found Nocwitoy's Magic Scroll Shoppe.
  1686 | D:6      | Found Etties's Jewellery Emporium.
  1715 | D:7      | Reached XP level 8. HP: 73/73 MP: 8/8
  1746 | D:7      | Reached skill level 5 in Fighting
  1861 | D:7      | Noticed Prince Ribbit
  1899 | D:7      | Killed Prince Ribbit
  2006 | D:7      | Noticed Duvessa
  2006 | D:7      | Noticed Dowan
  2013 | D:7      | Killed Duvessa
  2023 | D:7      | Killed Dowan
  2053 | D:8      | Noticed Joseph
  2070 | D:8      | Killed Joseph
  2070 | D:8      | Reached XP level 9. HP: 23/82 MP: 9/9
  2110 | D:8      | Noticed a hornet
  2110 | D:8      | Paralysed by a hornet for 1 turns
  2117 | D:8      | Killed a hornet
  2125 | D:8      | Noticed a hornet
  2134 | D:8      | HP: 4/82 [hornet (11)]
  2135 | D:8      | Killed a hornet
  2302 | D:7      | Found a white marble altar of Elyvilon.
  2381 | D:8      | Reached skill level 5 in Armour
  2481 | D:8      | Found Pimmudaeb's Distillery.
  2494 | D:8      | Bought a potion of degeneration for 12 gold pieces
  2526 | D:8      | Found a blossoming altar of Fedhas.
  2526 | D:8      | Found a sparkling altar of Nemelex Xobeh.
  2573 | D:9      | HP: 4/85 [orc warrior/halberd (7)]
  2574 | D:9      | Slain by an orc warrior

Vault maps used:
D:1:      dpeg_arrival_rooms_with_view
D:2:      overflow_temple_1_default, corexii_hall_statues_t, uniq_terence
D:3:      first_ration, gup_sewer_entry_bowl, minmay_misc_feat_more_columns,
          nicolae_qazlal_general_emergency
D:4:      minmay_temple_entry_statues_fountains, serial_shops,
          nicolae_shop_crystal, shop_fountains, shop_statue,
          minmay_misc_feat_nine_boxes
D:5:      gammafunk_ghost_necromancy, uniq_sigmund
D:6:      lemuel_zombie_altar_kikubaaqudgha, serial_shops, kennysheep_mini_moat,
          nicolae_shop_trees, nicolae_shop_statue_plus, nicolae_shop_waterfront,
          kennysheep_mini, tso_metal_star
D:7:      nicolae_overflow_crystal_walls, uniq_prince_ribbit1, uniq_duvessa
D:8:      kennysheep_little_box, gammafunk_temple_overflow_statue, serial_shops,
          shop_fountains, hangedman_pestilent_swarm, uniq_joseph
D:9:      lemuel_crystal_altar, lemuel_round_altar

Skill      XL: |  1  2  3  4  5  6  7  8  9 |
---------------+----------------------------+-----
Stealth        | 1 2 3 4 6 8 9 |  9.3
Armour         | 2 3 4 5 |  5.2
Axes           | 4 5 6 8 9 |  9.1
Fighting       | 4 6 |  6.7
Dodging        | |  1.5

Action                   |  1- 3 |  4- 6 |  7- 9 || total
-------------------------+-------+-------+-------++-------
Melee: Hand axe          |    62 |   103 |    39 ||   204
       War axe           |       |    19 |   214 ||   233
Invok: Berserk           |     4 |     5 |    13 ||    22
       Trog's Hand       |       |     3 |     4 ||     7
 Abil: Spit Poison       |     1 |     4 |     5 ||    10
Evoke: Wand              |       |       |    11 ||    11
  Use: Scroll            |       |    11 |     5 ||    16
       Potion            |       |     2 |     4 ||     6
 Stab: Sleeping          |       |       |     2 ||     2
  Eat: Chunk             |     1 |     8 |    10 ||    19
       Ration            |       |       |     2 ||     2
Armor: Animal skin       |     3 |       |       ||     3
       Scale mail        |    28 |    67 |    17 ||   112
       Chain mail        |       |       |   120 ||   120
       Plate armour      |       |       |    14 ||    14
       Skin              |       |       |     6 ||     6
Dodge: Dodged            |    31 |    91 |    85 ||   207

Table legend:
 A = Spawn XP
 B = Non-spawn XP
 C = Spawn XP percentage of total XP
 D = Spawn monster count
 E = Non-spawn monster count
 F = Spawn count percentage of total count
 G = Total turns spent on level
                    A         B        C        D         E        F      G
               +---------+---------+-------+---------+---------+-------+---------
         Total |       0 |    4487 |   0.0 |       0 |      99 |   0.0 |  2574
               +---------+---------+-------+---------+---------+-------+---------
           D:1 |       0 |      14 |   0.0 |       0 |      10 |   0.0 |   279
           D:2 |       0 |      56 |   0.0 |       0 |      11 |   0.0 |   218
           D:3 |       0 |     202 |   0.0 |       0 |      20 |   0.0 |   309
           D:4 |       0 |     215 |   0.0 |       0 |       9 |   0.0 |   328
           D:5 |       0 |     324 |   0.0 |       0 |       9 |   0.0 |   235
           D:6 |       0 |     483 |   0.0 |       0 |      14 |   0.0 |   364
           D:7 |       0 |    1050 |   0.0 |       0 |      13 |   0.0 |   408
           D:8 |       0 |    1943 |   0.0 |       0 |      10 |   0.0 |   405
           D:9 |       0 |     200 |   0.0 |       0 |       3 |   0.0 |    28
               +---------+---------+-------+---------+---------+-------+---------
